 Dungeon Crawl Stone Soup version 0.23.0 (webtiles) character file.

Game seed: 9923285631759092695

768 Blackhawk the Ruffian (level 7, -1/70 HPs)
             Began as a Troll Monk on Feb 10, 2019.
             Was a Priest of Makhleb.
             Slain by a scorpion (10 damage)
             ... on level 5 of the Dungeon.
             The game lasted 00:07:58 (3130 turns).

Blackhawk the Ruffian (Troll Monk)                  Turns: 3130, Time: 00:07:58

Health: -1/70      AC:  6    Str: 20    XL:     7   Next: 52%
Magic:  6/6        EV: 10    Int:  6    God:    Makhleb [***...]
Gold:   234        SH:  0    Dex: 14    Spells: 6/6 levels left

rFire    . . .     SeeInvis .     - Unarmed
rCold    . . .     Gourm    +   (no shield)
rNeg     . . .     Faith    .   a - +0 robe
rPois    .         Spirit   .   (helmet restricted)
rElec    .         Reflect  .   (no cloak)
rCorr    +         Harm     .   (gloves unavailable)
MR       .....                  (boots unavailable)
Stlth    ++........             s - amulet of regeneration
HPRegen  1.01/turn              m - ring of resist corrosion
MPRegen  0.10/turn              (no ring)

@: no status effects
A: large, unfitting armour, claws 3, fast metabolism 3, gourmand, regeneration
1, shaggy fur 1, tough skin 3
a: Minor Destruction, Lesser Servant of Makhleb, Renounce Religion


You were on level 5 of the Dungeon.
You worshipped Makhleb.
Makhleb was most pleased with you.
You were full.

You visited 1 branch of the dungeon, and saw 5 of its levels.

You collected 234 gold pieces.

Inventory:

Missiles
 h - a throwing net (quivered)
Armour
 a - a +0 robe (worn)
Jewellery
 m - a ring of resist corrosion (left claw)
 s - an amulet of regeneration (around neck)
Wands
 u - a wand of disintegration (12)
Scrolls
 c - 6 scrolls of teleportation {unknown}
 d - 2 scrolls of magic mapping {unknown}
 e - 5 scrolls of immolation {unknown}
 i - 2 scrolls of identify {unknown}
 k - a scroll of remove curse {unknown}
 o - a scroll of fog {unknown}
 r - a scroll of random uselessness {unknown}
 v - a scroll of enchant armour {unknown}
 w - a scroll of amnesia {unknown}
Potions
 f - 2 potions of agility {unknown}
 g - a potion of lignification {unknown}
 j - a potion of resistance {unknown}
 n - a potion of cancellation {unknown}
 p - a potion of haste {unknown}
 q - 2 potions of brilliance {unknown}
 t - a potion of heal wounds {unknown}
Comestibles
 b - 10 rations


   Skills:
 + Level 4.2 Fighting
 - Level 1.0 Armour
 - Level 2.4 Dodging
 - Level 1.0 Stealth
 + Level 7.7 Unarmed Combat


You had 6 spell levels left.
You didn't know any spells.
Your spell library was empty.

Dungeon Overview and Level Annotations

Branches:
Dungeon (5/15)
 Temple: D:4-7

Altars:
Ashenzari
Makhleb
Trog

Annotations:
D:3 1 runed translucent door, Crazy Yiuf


Innate Abilities, Weirdness & Mutations

You are too large for most types of armour.
You have claws for hands.
Your metabolism is lightning-fast.
You like to eat raw meat.
Your natural rate of healing is unusually fast.
You are covered in fur. (AC +1)
You have extremely tough skin. (AC +3)


Message History

The scorpion poisons you!
You feel better. The big kobold hits you with a +0 club.
* * * LOW HITPOINT WARNING * * *
The scorpion stings you.
* * * LOW HITPOINT WARNING * * *
You barely miss the big kobold.
The big kobold is almost dead.
You barely miss the big kobold.
The big kobold is almost dead.
The scorpion stings you.
* * * LOW HITPOINT WARNING * * *
You are poisoned.
The scorpion poisons you! The big kobold hits you with a +0 club.
* * * LOW HITPOINT WARNING * * *
You feel better. The scorpion barely misses you.
The big kobold hits you but does no damage.
You scratch the big kobold but do no damage.
The big kobold is almost dead.
The scorpion stings you!
You die...

..........#.#
.......#.##.########
#......#.##........#
[.....##...........#####
......#####.............
......# #.............
#...#.# #.............
#...#.# #.....).......
#.....@)......
#.....sK......
#.#####.#..... ...# .#
.... ###.# .# ... #. .#
.. .. # ##


You could see a big kobold and a scorpion.

Vanquished Creatures
  Duvessa (D:5)
  An ice beast (D:5)
  Blork the orc (D:4)
  2 scorpions (D:4)
  Dowan (D:5)
  An orc priest (D:2)
  3 worker ants (D:4)
  Terence (D:3)
  Ijyb (D:3)
  A hound skeleton (D:4)
  Robin (D:3)
  8 adders
  2 oozes
  3 worms (D:2)
  An adder skeleton (D:4)
  3 dart slugs
  2 leopard geckos
  5 orcs
  4 giant cockroaches
  15 goblins
  12 hobgoblins
  7 jackals (D:2)
  4 kobolds
  7 bats
  5 frilled lizards
  A quokka skeleton (D:4)
  6 rats
  A fungus (D:3)
100 creatures vanquished.

Notes
Turn   | Place    | Note
-------+----------+-------------------------------------------
     0 | D:1      | Blackhawk the Troll Monk began the quest for the Orb.
     0 | D:1      | Reached XP level 1. HP: 22/22 MP: 0/0
   187 | D:1      | Reached XP level 2. HP: 29/29 MP: 1/1
   460 | D:1      | Reached skill level 4 in Unarmed Combat
   536 | D:1      | You fall through a shaft!
   544 | D:2      | Reached XP level 3. HP: 36/36 MP: 2/2
   751 | D:1      | Reached XP level 4. HP: 44/44 MP: 3/3
   961 | D:2      | Reached skill level 5 in Unarmed Combat
  1054 | D:2      | Found a burning altar of Makhleb.
  1157 | D:2      | Became a worshipper of Makhleb the Destroyer
  1157 | D:2      | Reached * piety under Makhleb
  1157 | D:2      | Reached ** piety under Makhleb
  1355 | D:2      | Reached XP level 5. HP: 38/50 MP: 4/4
  1736 | D:3      | Noticed Terence
  1745 | D:3      | Killed Terence
  1745 | D:3      | Reached skill level 6 in Unarmed Combat
  1987 | D:3      | Noticed Ijyb
  1994 | D:3      | Killed Ijyb
  2013 | D:3      | Found a shattered altar of Ashenzari.
  2013 | D:3      | Noticed Robin
  2037 | D:3      | Killed Robin
  2037 | D:3      | Reached skill level 1 in Armour
  2216 | D:3      | Found a runed translucent door.
  2217 | D:3      | Noticed Crazy Yiuf
  2303 | D:4      | Reached XP level 6. HP: 59/59 MP: 5/5
  2508 | D:4      | Noticed Blork the orc
  2513 | D:4      | Killed Blork the orc
  2623 | D:4      | Found a bloodstained altar of Trog.
  2633 | D:4      | Reached *** piety under Makhleb
  2633 | D:4      | Reached skill level 7 in Unarmed Combat
  2781 | D:4      | Reached XP level 7. HP: 67/67 MP: 6/6
  3052 | D:5      | Entered Level 5 of the Dungeon
  3096 | D:5      | Noticed Dowan
  3099 | D:5      | Noticed Duvessa
  3107 | D:5      | Killed Dowan
  3120 | D:5      | Killed Duvessa
  3121 | D:5      | HP: 2/70 [scorpion (6)]
  3128 | D:5      | HP: 1/70 [big kobold/+0 club (5)]
  3130 | D:5      | Slain by a scorpion

Skill      XL: |  1  2  3  4  5  6  7 |
---------------+----------------------+-----
Unarmed Combat | 4 5 6 7 |  7.7
Armour         | 1 |  1.0
Fighting       | 3 4 |  4.2
Dodging        | |  2.4
Stealth        | |  1.0

Action                   |  1- 3 |  4- 6 |  7- 9 || total
-------------------------+-------+-------+-------++-------
Melee: Unarmed           |    85 |   157 |    37 ||   279
       Punch             |     2 |     1 |     3 ||     6
  Use: Potion            |       |       |     3 ||     3
 Stab: Sleeping          |     3 |     3 |     1 ||     7
  Eat: Chunk             |    12 |    17 |     2 ||    31
Armor: Robe              |    28 |    44 |    11 ||    83
Dodge: Dodged            |    39 |    73 |    18 ||   130
